 Dungeon Crawl Stone Soup version 0.27-a0-3-gcf006a40f5 (webtiles) character file.

Game seed: 2492710773255629468

205 Conn the Firebug (level 5, -1/32 HPs)
             Began as an Octopode Fire Elementalist on Jan 1, 2021.
             Slain by a gnoll
             ... wielding a +0 spear
              (8 damage)
             ... on level 4 of the Dungeon.
             The game lasted 00:05:45 (3197 turns).

Conn the Firebug (Octopode Fire Elementalist)       Turns: 3197, Time: 00:05:45

Health: -1/32      AC:  1    Str:  7    XL:     5   Next: 83%
Magic:  8/9        EV: 13    Int: 19    God:
Gold:   166        SH:  0    Dex: 12    Spells: 6/10 levels left

rFire    . . .     SeeInvis .   j - +3 quarterstaff (chaos)
rCold    + . .     Faith    .   (shield currently unavailable)
rNeg     . . .     Spirit   .   (helmet restricted)
rPois    .         Reflect  .   (no amulet)
rElec    .         Harm     .   k - ring of stealth
rCorr    .         Rampage  .   m - ring of protection from cold
Will     .....                  (no ring)
Stlth    ++++......             (no ring)
HPRegen  0.10/turn              (no ring)
MPRegen  0.11/turn              (no ring)
                                (no ring)
                                (no ring)

@: no status effects
A: almost no armour, stealthy swim, amphibious, 8 rings, constrict 8, camouflage
1, gelatinous body 1
a: no special abilities


You were on level 4 of the Dungeon.
You visited 1 branch of the dungeon, and saw 4 of its levels.

You collected 166 gold pieces.

Inventory:

Hand Weapons
 j - a +3 quarterstaff of chaos (weapon)
Missiles
 g - 3 boomerangs of dispersal (quivered)
Armour
 d - a +0 buckler
Jewellery
 k - a ring of stealth (left tentacle)
 m - a ring of protection from cold (right tentacle)
Wands
 f - a wand of random effects (17)
 i - a wand of polymorph (6)
Scrolls
 a - 4 scrolls of identify {unknown}
 b - 2 scrolls of teleportation {unknown}
 c - a scroll of noise {unknown}
 e - 2 scrolls of remove curse {unknown}
 l - a scroll of random uselessness {unknown}
Potions
 h - 4 potions of degeneration {unknown}
 n - a potion of curing {unknown}


   Skills:
 + Level 0.9 Fighting
 + Level 0.1 Staves
 + Level 0.7 Throwing
 + Level 2.3 Dodging
 + Level 3.4 Stealth
 + Level 0.1 Unarmed Combat
 + Level 3.1 Spellcasting
 + Level 2.6 Conjurations
 + Level 4.1 Fire Magic


You had 6 spell levels left.
You knew the following spells:

 Your Spells              Type           Power        Failure   Level
a - Foxfire               Conj/Fire      60%          3%          1
b - Conjure Flame         Conj/Fire      15%          11%         3

Your spell library contained the following spells:

 Spells                   Type           Power        Failure   Level
 Inner Flame              Hex/Fire       10%          19%         3
 Sticky Flame             Conj/Fire      15%          36%         4
 Fireball                 Conj/Fire      7%           71%         5


Dungeon Overview and Level Annotations

Branches:
Dungeon (4/15)
 Temple: D:4-7

Altars:
Ashenzari
Cheibriados
Gozag
Qazlal
Trog
Wu Jian
Xom
Zin


Innate Abilities, Weirdness & Mutations

You cannot wear most types of armour.
You are very stealthy in the water. (Stealth+)
You are amphibious.
You can wear up to eight rings at the same time.
You can use your tentacles to constrict eight enemies at once.
Your skin changes colour to match your surroundings (Stealth+).
Your rubbery body absorbs attacks. (AC +1, EV +1)


Message History

The gnoll barely misses you.
You sock the gnoll!
You kill the gnoll!
You thump the gnoll! You burn the gnoll. Your grab misses the gnoll.
The gnoll is severely wounded.
The gnoll barely misses you. The gnoll misses you.
You barely miss the gnoll. Your grab misses the gnoll.
Your squeeze misses the gnoll.
The gnoll is severely wounded.
The gnoll closely misses you.
You barely miss the gnoll. You grab the gnoll.
The gnoll is severely wounded.
You constrict the gnoll. The gnoll closely misses you.
You hit the gnoll but do no damage.
The gnoll flickers and vanishes!
Deactivating autopickup; reactivate with Ctrl-A.
You constrict something. Something hits you. Something hits you!
* * * LOW HITPOINT WARNING * * *
You barely miss something. You squeeze something. You constrict something.
Something hits you!
You die...

...... ..... #.. .... .
#... .g. .# #.... ..
.####.... .########
.......##########{.......
.......#........@).......
.......#........#†.......
.......'........#........
.......#........#........
.......#####...##.......[
###+#......#...###+####+#
....#.†....'...#
....#......#...#
#####......#####


There were no monsters in sight!

Vanquished Creatures
  Crazy Yiuf (D:2)
  Jessica (D:2)
  An iguana (D:4)
  5 gnolls (D:4)
  An ooze (D:4)
  3 worms
  A dart slug (D:2)
  4 leopard geckos
  An orc (D:3)
  A ball python (D:3)
  4 giant cockroaches
  4 goblins
  6 hobgoblins
  2 jackals (D:1)
  6 kobolds
  7 bats
  7 frilled lizards
  8 rats
63 creatures vanquished.

Vanquished Creatures (others)
  188 foxfires
188 creatures vanquished.

Grand Total: 251 creatures vanquished

Notes
Turn   | Place    | Note
-------+----------+-------------------------------------------
     0 | D:1      | Conn the Octopode Fire Elementalist began the quest for the
                  | Orb.
     0 | D:1      | Reached XP level 1. HP: 11/11 MP: 3/3
   201 | D:1      | Reached XP level 2. HP: 17/17 MP: 5/5
  1319 | D:2      | Reached XP level 3. HP: 21/21 MP: 1/6
  1652 | D:2      | Noticed Jessica
  1661 | D:2      | Killed Jessica
  1662 | D:2      | Reached XP level 4. HP: 27/27 MP: 4/7
  1740 | D:2      | Found a runed translucent door.
  1741 | D:2      | Noticed Crazy Yiuf
  1748 | D:2      | Learned a level 3 spell: Conjure Flame
  1791 | D:2      | Killed Crazy Yiuf
  2441 | D:3      | Found a shimmering altar of Xom.
  2443 | D:3      | Found a snail-covered altar of Cheibriados.
  2443 | D:3      | Found a bloodstained altar of Trog.
  2452 | D:3      | Found a stormy altar of Qazlal.
  2452 | D:3      | Found an opulent altar of Gozag.
  2452 | D:3      | Found a glowing silver altar of Zin.
  2581 | D:3      | Reached skill level 4 in Fire Magic
  2693 | D:3      | Found a broken altar of Ashenzari.
  2693 | D:3      | Found a bloodstained altar of Trog.
  2694 | D:3      | Found an ornate altar of the Wu Jian Council.
  2712 | D:3      | Reached XP level 5. HP: 31/31 MP: 7/9
  3197 | D:4      | Slain by a gnoll

Illustrated notes

Levels and vault maps discovered:
D:1:      mrwooster_arrival_statue, layout_basic, hangedman_decor_opposing,
          chequers_serial_rivers_micro_e
D:2:      layout_loops_cross, uniq_crazy_yiuf_cottage, uniq_jessica
D:3:      layout_basic, gammafunk_temple_overflow_claw, serial_forest,
          infiniplex_forest_corner_1, infiniplex_forest_lined_2,
          doesnt_xom_only_xom
D:4:      layout_gridville, minmay_temple_entry_large_hall, grunt_ministairs_1,
          minivault_23, hangedman_decor_riveting, uniq_natasha

Skill      XL: |  1  2  3  4  5 |
---------------+----------------+-----
Stealth        | 3 |  3.4
Conjurations   | 2 |  2.6
Fire Magic     | 4 |  4.1
Spellcasting   | 3 |  3.1
Fighting       | |  0.9
Staves         | |  0.1
Throwing       | |  0.7
Dodging        | |  2.3
Unarmed Combat | |  0.1

Action                   |  1- 3 |  4- 6 || total
-------------------------+-------+-------++-------
Melee: Unarmed           |    12 |       ||    12
       Constrict         |     2 |     4 ||     6
       Tentacles         |     2 |     2 ||     4
       Quarterstaff      |       |    17 ||    17
Throw: Boomerang         |       |     2 ||     2
 Cast: Foxfire           |    47 |    62 ||   109
  Use: Potion            |       |     2 ||     2
 Stab: Sleeping          |     2 |     1 ||     3
Armor: Skin              |     1 |     1 ||     2
Dodge: Dodged            |    16 |    21 ||    37

Table legend: (Time is in decaauts)
 A = Elapsed time spent in this place.
 B = Non-inter-level travel time spent in this place.
 C = Inter-level travel time spent in this place.
 D = Time resting spent in this place.
 E = Time spent auto-exploring this place.
 F = Levels seen in this place.
 G = Mean time per level.
                   A        B        C        D        E       F      G
               +--------+--------+--------+--------+--------+-----+--------+
         Total |   3187 |   3135 |     52 |     89 |   2262 |   4 |  796.8 |
       Dungeon |   3187 |   3135 |     52 |     89 |   2262 |   4 |  796.8 |
               +--------+--------+--------+--------+--------+-----+--------+

Top non-repeatable levels by time:
     D:1: 1310 daAuts
     D:2: 1078 daAuts
     D:4: 450 daAuts
     D:3: 348 daAuts
